Map: Eastwatch LE

Players

Bly

  • Race: Zerg Zerg
  • Spawn Location: 1:00

DnS - Winner!

  • Race: Protoss Protoss
  • Spawn Location: 7:00

Event: IEM Season 12 - Katowice

VOD

Have the link to the VOD?

Description

Time

  • Played on: Feb. 26, 2018, 6:47 a.m.
  • Length: 7:25

All games in this series

Show
View Real Time Build Order
Export as new Build Order

Bly Zerg 

Build Orders: Hatch First 

Get SALT Encoding   

  12  0:01  Drone  
  13  0:13  Overlord  
  13  0:17  Drone  
  14  0:31  Drone x2  
  14  0:34  Drone  
  17  0:51  Hatchery  
  17  0:55  Drone  
  17  0:59  Drone  
  17  1:02  Extractor  
  17  1:13  Spawning Pool  
  17  1:16  Drone  
  17  1:20  Drone  
  18  1:28  Drone  
  19  1:42  Overlord  
  19  1:50  Drone  
  20  2:00  Queen  
  22  2:03  Queen, Zergling x2  
  22  2:04  Zergling x2  
  26  2:13  Metabolic Boost  
  26  2:14  Drone  
  26  2:15  Drone  
  28  2:34  Drone  
  29  2:39  Drone x2  
  29  2:40  Hatchery  
  30  2:47  Overlord  
  30  2:48  Drone  
  31  2:55  Queen  
  33  2:59  Evolution Chamber  
  33  3:03  Zergling x2  
  33  3:04  Zergling x2  
  34  3:09  Drone x3  
  38  3:19  Drone  
  40  3:20  Drone x4  
  43  3:30  Overlord x2  
  43  3:47  Overlord x2  
  43  3:48  Drone, Queen  
  43  3:49  Drone x2  
  43  3:52  Drone  
  43  3:53  Drone  
  50  4:00  Lair  
  50  4:04  Spore Crawler  
  50  4:07  Drone x2  
  51  4:15  Zergling x6  
  51  4:16  Zergling x8  
  58  4:19  Drone  
  59  4:24  Overlord  
  59  4:31  Overlord  
  59  4:33  Extractor x2  
  59  4:36  Extractor  
  56  4:39  Overlord  
  56  4:45  Drone x5  
  61  4:47  Overlord  
  61  4:48  Drone  
  62  4:54  Overlord  
  62  5:01  Hydralisk Den  
  62  5:05  Overlord  
  57  5:25  Zergling x10  
  57  5:26  Queen x3  
  68  5:32  Hydralisk x7  
  68  5:34  Zergling x2  
  68  5:35  Zergling x4  
  85  5:48  Hydralisk  
  85  5:49  Hydralisk x3  
  88  5:52  Zergling x8  
  69  6:10  Hydralisk x3  
  60  6:16  Zergling x10  
  60  6:20  Hydralisk  
  58  6:27  Hydralisk  
  58  6:29  Zergling x2  
  55  6:45  Evolution Chamber  
  55  6:46  Evolution Chamber  
  53  6:47  Hydralisk  
  53  6:48  Evolution Chamber  
  53  6:49  Hydralisk  
  53  6:53  Hydralisk  
Show
View Real Time Build Order
Export as new Build Order

DnS Protoss - Winner!

Build Orders: 1 Gate Expand, Phoenix Opening 

Get SALT Encoding   

  12  0:00  Probe  
  13  0:12  Probe  
  14  0:20  Pylon  
  14  0:24  Probe  
  15  0:38  Probe (Chrono Boost)  
  15  0:40  Gateway  
  16  0:47  Probe (Chrono Boost)  
  16  0:49  Assimilator  
  17  0:52  Probe (Chrono Boost)  
  18  1:04  Probe  
  19  1:16  Probe  
  20  1:24  Nexus  
  20  1:33  Cybernetics Core  
  20  1:36  Probe  
  21  1:44  Assimilator  
  21  1:48  Probe  
  21  1:52  Pylon  
  22  2:00  Probe  
  23  2:09  Adept (Chrono Boost)  
  23  2:12  Probe  
  26  2:21  Stargate  
  26  2:24  Probe (Chrono Boost)  
  26  2:28  Adept  
  29  2:36  Probe (Chrono Boost)  
  29  2:37  Warp Gate (Chrono Boost)  
  31  2:38  Probe (Chrono Boost)  
  32  2:45  Probe (Chrono Boost)  
  32  2:46  Probe (Chrono Boost)  
  32  2:50  Probe (Chrono Boost)  
  32  2:51  Probe (Chrono Boost)  
  33  2:55  Adept  
  37  3:02  Probe  
  37  3:03  Probe  
  37  3:05  Phoenix  
  41  3:11  Pylon  
  41  3:19  Probe x2  
  43  3:21  Gateway  
  43  3:28  Twilight Council  
  44  3:36  Robotics Facility  
  44  3:42  Assimilator  
  44  3:51  Gateway  
  44  3:53  Gateway  
  43  3:56  Gateway  
  43  4:00  Gateway  
  43  4:02  Charge (Chrono Boost)  
  43  4:08  Gateway  
  43  4:13  Gateway  
  43  4:20  Pylon, Warp Prism (Chrono Boost)  
  45  4:37  Zealot x2  
  49  4:48  Pylon, Zealot  
  49  4:49  Pylon  
  50  5:03  Shield Battery  
  50  5:07  Zealot x5  
  50  5:12  Pylon  
  50  5:14  Gateway  
  59  5:25  Pylon  
  59  5:36  Zealot x7  
  67  5:59  Zealot x8  
  79  6:07  Warp Prism (Chrono Boost)  
  79  6:28  Zealot x3  
  79  6:29  Pylon  
  77  6:48  Sentry x3  
  77  6:50  Zealot x5  
  77  6:51  Probe  
  94  6:55  Pylon  
  94  6:56  Pylon  
  94  7:00  Probe  
  75  7:11  Zealot x6  

Tags
 
Add a new tag
Caveats
  • Supply blocks, unpowered buildings, or Contaminate may cause inaccurate times.
  • Supply counts are checked every 10 seconds.